 Dungeon Crawl Stone Soup version 0.26-a0-546-g3c2127501a (webtiles) character file.

Game seed: 4829004348974935286

234478 GeoCrane the Tortoise (level 18, -2/173 HPs)
             Began as a Minotaur Gladiator on Aug 18, 2020.
             Was the Champion of Okawaru.
             Killed from afar by a deep elf sorcerer (42 damage)
             ... with damnation
             ... on level 3 of the Elven Halls on Aug 19, 2020.
             The game lasted 06:36:08 (44863 turns).

GeoCrane the Tortoise (Minotaur Gladiator)         Turns: 44863, Time: 06:36:08

Health: -2/173     AC: 52    Str: 33    XL:     18   Next: 88%
Magic:  23/23      EV: 10    Int:  5    God:    Okawaru [******]
Gold:   1668       SH:  5    Dex: 18    Spells: 17/17 levels left

rFire    x . .     SeeInvis .   b - +2 longbow (vorpal)
rCold    . . .     Faith    .   (shield currently unavailable)
rNeg     . . .     Spirit   .   y - +13 crystal plate armour "Dolit" {rElec rF- Str+6 Dex+6}
rPois    .         Reflect  +   N - +1 hat {MR+}
rElec    +         Harm     .   C - +0 cloak {MR+}
rCorr    .                      g - +0 pair of gloves {archery}
MR       ++++.                  r - +2 pair of boots {Stlth+}
Stlth    ..........             n - amulet of reflection
HPRegen  0.38/turn              E - +4 ring of protection
MPRegen  0.18/turn              A - ring of protection from magic

@: very slightly contaminated, studying Invocations
A: retaliatory headbutt, horns 2
}: 1/15 runes: gossamer
a: Heroism, Finesse, Renounce Religion


You were on level 3 of the Elven Halls.
You worshipped Okawaru.
Okawaru was exalted by your worship.
You visited 7 branches of the dungeon, and saw 32 of its levels.
You also visited: Sewer and Gauntlet.

You collected 3345 gold pieces.
You spent 1677 gold pieces at shops.

Inventory:

Hand Weapons
 a - a +5 vampiric glaive
 b - a +2 vorpal longbow (weapon)
Missiles
 d - 4 throwing nets
 D - 977 arrows (quivered)
 I - 59 poisoned darts
Armour
 g - a +0 pair of gloves of archery (worn)
 r - a +2 pair of boots of stealth (worn)
 y - the +13 crystal plate armour "Dolit" (worn) {rElec rF- Str+6 Dex+6}
   (Okawaru gifted it to you on level 15 of the Dungeon)

   It affects your strength (+6).
   It affects your dexterity (+6).
   It makes you vulnerable to fire.
   It insulates you from electricity.
 C - a +0 cloak of magic resistance (worn)
 F - a +2 cloak of poison resistance
 G - the +6 plate armour of the Butcher {-Cast rF+ Int+2 SInv}
   (You took it off an orc priest on level 15 of the Dungeon)

   It affects your intelligence (+2).
   It protects you from fire.
   It lets you see invisible.
   It prevents spellcasting.
 N - a +1 hat of magic resistance (worn)
Jewellery
 n - an amulet of reflection (around neck)
 o - a +6 ring of intelligence
 s - an uncursed ring of resist corrosion
 A - a ring of protection from magic (right hand)
 E - a +4 ring of protection (left hand)
 S - an uncursed ring of poison resistance
Wands
 h - a wand of polymorph (6)
 B - a wand of paralysis (30)
 J - a wand of disintegration (5)
 Y - a wand of iceblast (12)
Scrolls
 e - a scroll of fog
 j - 13 scrolls of teleportation
 k - 3 scrolls of magic mapping
 p - 2 scrolls of enchant armour
 q - 8 scrolls of immolation
 w - 17 scrolls of remove curse
 L - 2 scrolls of silence
 M - 8 scrolls of fear
 Q - a scroll of holy word
 R - 2 scrolls of enchant weapon
 U - a scroll of blinking
 V - 9 scrolls of identify
Potions
 c - 3 potions of haste
 f - 9 potions of might
 i - 11 potions of curing
 l - 9 potions of stabbing
 m - 4 potions of lignification
 t - 8 potions of brilliance
 u - a potion of invisibility
 v - 9 potions of heal wounds
 z - 3 potions of magic
 H - a potion of ambrosia
 K - 2 potions of cancellation
 O - 3 potions of resistance
 P - 2 potions of mutation
 W - a potion of berserk rage
Books
 X - a manual of Invocations
Miscellaneous
 x - a phantom mirror
 T - a condenser vane (2/2)
 Z - a box of beasts (3/3)


   Skills:
 + Level 18.7 Fighting
 - Level 20.0 Polearms
 + Level 16.1 Bows
 - Level 6.0 Throwing
 * Level 20.2 Armour
 - Level 3.2 Dodging
   Level 4.0 Shields
 - Level 9.0 Invocations


You had 17 spell levels left.
You didn't know any spells.
Your spell library contained the following spells:

 Spells                   Type           Power        Failure   Level
 Beastly Appendage        Tmut           #.....       99%         1
 Corona                   Hex            #......      99%         1
 Foxfire                  Conj/Fire      #...         99%         1
 Passwall                 Tmut/Erth      #.......     100%        2
 Slow                     Hex            #.......     100%        2
 Swiftness                Air            #.......     100%        2
 Wereblood                Tmut           #.......     100%        2
 Conjure Flame            Conj/Fire      #.......     100%        3
 Inner Flame              Hex/Fire       #.......     100%        3
 Portal Projectile        Hex/Tloc       #.....       100%        3
 Spider Form              Tmut/Pois      #.........   100%        3
 Cause Fear               Hex            #.........   100%        4
 Ice Form                 Ice/Tmut       #.......     100%        4
 Leda's Liquefaction      Hex/Erth       #.........   100%        4
 Passage of Golubria      Tloc           N/A          100%        4
 Sticky Flame             Conj/Fire      #.......     100%        4
 Blade Hands              Tmut           #.........   100%        5
 Fireball                 Conj/Fire      #.........   100%        5
 Lee's Rapid Deconstruct  Erth           #.........   100%        5
 Invisibility             Hex            #.......     100%        6


Dungeon Overview and Level Annotations

Branches:
Dungeon (15/15)            Temple (1/1) D:6            Lair (6/6) D:8
  Swamp (0/4) Lair:3       Spider (4/4) Lair:2        Slime (1/5) Lair:5
    Orc (2/2) D:9             Elf (3/3) Orc:2        Vaults (0/5) D:14
 Depths (0/5) D:15          Sewer (visited)         Gauntlet (visited)

Altars:
Ashenzari
Cheibriados
Dithmenos
Elyvilon
Fedhas
Gozag
Hepliaklqana
Kikubaaqudgha
Makhleb
Nemelex Xobeh
Okawaru
Qazlal
Ru
Sif Muna
Trog
Uskayaw
Vehumet
Wu Jian
Xom
Yredelemnul
Zin
The Shining One

Shops:
D:4 =   D:10 =   D:15 [   Orc:2 [:([   Elf:2 [[*

Annotations:
D:1 exclusions: hobgoblin and 1 more exclusion
D:15 1 runed translucent door, Fiogir's ghost, journeyman GrEE
Spider:2 1 runed translucent door, Libelnon's ghost, journeyman DrIE


Innate Abilities, Weirdness & Mutations

You reflexively headbutt those who attack you in melee.
You have a pair of horns on your head.


Message History

* * * LOW HITPOINT WARNING * * *
A deep elf high priest comes into view.
It is wielding the +9 rapier of Fortitude {flame, +Blink rElec rC- rN++}.
You hear a shout!
You hear a shout!
You see here a cursed -3 long sword.
The deep elf sorcerer casts a spell at you.
The bolt of acid hits you!
* * * LOW HITPOINT WARNING * * *
You are splashed with acid!
* * * LOW HITPOINT WARNING * * *
Press: ? - help, Dir - move target cursor, p - deep elf sorcerer You are very lightly contaminated with residual magic.
As you read the scroll of blinking, it crumbles to dust.
The deep elf sorcerer howls an incantation.
You feel disoriented.
There is a stone staircase leading up here.
The deep elf sorcerer shouts, "You can't withstand my power!"
The deep elf sorcerer gestures at you while chanting.
The sphere of damnation explodes!
The damnation engulfs you!!!
You die...

######.....##
####.##### # ##...##
#.# # ##+# #.# #
#####.# #.# # ##...#.#
##### #.#
###..[...###...#### #.#
......))..#.......# #.#
#.................###.#
....!.........)<@...).#
.....)............#####
............)..[..#
#...............e.#
##......(#.......##
###......#....e.#####
....)..#.#.....##...##
#######......).......##
#.......#............##


You could see a deep elf blademaster and a deep elf sorcerer (fast).

Vanquished Creatures
  Arachne (Spider:4)
  Jorgrun (D:14)
  2 deep elf master archers (Elf:3)
  2 deep elf blademasters (Elf:3)
  3 ghost moths (Spider:4)
  An orc warlord (D:9)
  7 emperor scorpions
  2 deep elf sorcerers
  Louise (Spider:4)
  5 deep elf elementalists
  2 deep elf annihilators
  5 entropy weavers
  2 spark wasps (Spider:2)
  A minotaur (Gauntlet)
  Snorg (Lair:3)
  2 deep elf death magi (Elf:3)
  A fire dragon (Lair:6)
  A death ooze (Gauntlet)
  Josephine (D:14)
  A deep elf high priest (Elf:2)
  4 vault guards
  A ghost crab (Gauntlet)
  11 hydras
  Harold (D:7)
  3 centaur warriors
  An ogre mage (D:15)
  10 two-headed ogres
  33 dancing weapons
  12 death yaks
  An orc high priest (Orc:2)
  15 deep elf knights
  Sonja (D:13)
  Nergalle (D:12)
  A small abomination (Elf:2)
  2 slime creatures
  2 unseen horrors
  2 skeletal warriors (D:15)
  A phantasmal warrior (D:14)
  10 deep elf archers
  3 lindwurms
  A necromancer (D:15)
  17 orb spiders
  A golden dragon skeleton (D:15)
  54 deep elf magi
  16 ugly things
  3 orc knights
  5 orc sorcerers
  30 wolf spiders
  A salamander (shapeshifter) (D:13)
  4 moths of wrath
  3 manticores
  A moth of wrath (shapeshifter) (D:14)
  Joseph (D:7)
  2 cyclopes (D:14)
  24 elephants
  3 centaur zombies
  2 black mambas
  2 gargoyles
  12 cane toads
  8 torpor snails
  2 rime drakes
  A yaktaur zombie (D:15)
  A komodo dragon (shapeshifter) (Elf:3)
  12 demonic crawlers
  A redback zombie (D:13)
  6 komodo dragons
  2 efreet
  41 jumping spiders
  A queen bee (shapeshifter) (D:13)
  3 trolls
  A troll (shapeshifter) (D:13)
  5 raiju (Lair:6)
  3 tyrant leeches (Lair:6)
  11 polar bears
  2 bog bodies (Lair:3)
  16 hornets
  7 blink frogs (Lair:6)
  7 hippogriffs
  A fire dragon zombie (D:15)
  2 harpy skeletons
  A dream sheep (Lair:6)
  3 shadows
  50 redbacks
  2 vampires
  6 water elementals
  An air elemental (Elf:2)
  An ettin skeleton (D:15)
  26 yaks
  22 tarantellas
  3 wyverns
  5 wraiths
  5 basilisks
  Grum (D:10)
  5 fire elementals
  2 steam dragons
  7 wargs
  A soldier ant (D:13)
  11 water moccasins
  5 porcupines
  35 orc warriors
  12 hell hounds (Lair:6)
  2 ice beasts
  A hornet zombie (D:14)
  An eye of draining (D:14)
  3 phantoms
  A necrophage (D:9)
  5 sky beasts
  14 black bears
  13 ogres
  11 centaurs
  51 wolves
  9 crocodiles
  5 big kobolds
  7 earth elementals
  2 wyvern zombies
  16 bullfrogs
  7 scorpions
  9 wights
  2 electric eels
  A howler monkey (D:11)
  7 jellies
  2 quasits
  3 bullfrog zombies
  3 hounds
  29 orc priests
  4 centaur skeletons
  44 orc wizards
  A gnoll shaman (D:7)
  2 bullfrog skeletons
  2 iguanas
  2 hell rats (Lair:2)
  13 worker ants
  A hound skeleton (D:5)
  Robin (D:4)
  15 adders
  25 gnolls
  A howler monkey skeleton (D:7)
  10 river rats (Lair:2)
  4 shadow imps
  2 white imps
  4 ufetubi
  An ooze (Sewer)
  An adder zombie (D:5)
  An adder skeleton (D:7)
  A worm (D:3)
  A dart slug (D:1)
  8 leopard geckos
  91 orcs
  7 giant cockroaches
  25 goblins
  13 hobgoblins
  13 jackals
  5 quokkas
  4 ball pythons
  13 bats
  9 frilled lizards
  A giant cockroach zombie (D:5)
  A jackal zombie (D:6)
  19 kobolds
  A leopard gecko zombie (D:5)
  8 rats
  A plant (D:8)
1235 creatures vanquished.

Vanquished Creatures (others)
  A dancing weapon (Elf:3)
  A deep elf knight (Elf:2)
  A deep elf mage (Elf:1)
  An adder (D:7)
  10 fungi
  33 plants
  5 withered plants
52 creatures vanquished.

Grand Total: 1287 creatures vanquished

Notes
Turn   | Place    | Note
-------+----------+-------------------------------------------
     0 | D:1      | GeoCrane the Minotaur Gladiator began the quest for the
                  | Orb.
     0 | D:1      | Reached XP level 1. HP: 18/18 MP: 0/0
    96 | D:1      | Reached XP level 2. HP: 25/25 MP: 1/1
   208 | D:1      | Reached XP level 3. HP: 31/31 MP: 2/2
   572 | D:2      | Upgraded the game from 0.26-a0-542-gbaa144ba5c to
                  | 0.26-a0-546-g3c2127501a
   744 | D:2      | Reached skill level 5 in Polearms
  1099 | D:2      | Reached XP level 4. HP: 32/38 MP: 3/3
  1692 | D:3      | Found a glowing drain.
  1706 | Sewer    | Entered a sewer
  1723 | Sewer    | Noticed a big kobold
  1723 | Sewer    | Noticed a big kobold
  1730 | Sewer    | Killed a big kobold
  1730 | Sewer    | Reached XP level 5. HP: 43/47 MP: 4/4
  1743 | Sewer    | Reached XP level 6. HP: 44/53 MP: 5/5
  1825 | Sewer    | Reached skill level 5 in Fighting
  2204 | D:3      | Reached XP level 7. HP: 61/61 MP: 6/6
  2669 | D:4      | Noticed Robin
  2682 | D:4      | Killed Robin
  3244 | D:4      | Found Dosaufol's Jewellery Emporium.
  3290 | D:5      | Entered Level 5 of the Dungeon
  3297 | D:4      | Reached skill level 10 in Polearms
  3297 | D:4      | Reached XP level 8. HP: 67/71 MP: 7/7
  3610 | D:5      | Found a hazy altar of Hepliaklqana.
  3610 | D:5      | Found a shimmering blue altar of Sif Muna.
  3643 | D:5      | Found a basalt altar of Yredelemnul.
  3643 | D:5      | Found a blossoming altar of Fedhas.
  3665 | D:5      | Reached skill level 1 in Armour
  4027 | D:5      | Reached XP level 9. HP: 78/78 MP: 8/8
  4109 | D:6      | Reached skill level 1 in Bows
  4234 | D:6      | Found a staircase to the Ecumenical Temple.
  4246 | Temple   | Entered the Ecumenical Temple
  4847 | D:6      | Found an iron altar of Okawaru.
  4855 | D:6      | Became a worshipper of Warmaster Okawaru
  5370 | D:7      | Reached skill level 1 in Shields
  5465 | D:7      | Noticed Harold
  5487 | D:7      | Reached skill level 5 in Armour
  5535 | D:7      | Killed Harold
  5535 | D:7      | Reached * piety under Okawaru
  5849 | D:7      | Got a translucent leather armour
  5866 | D:7      | Identified the +2 leather armour of Harywn {rPois rN+
                  | Str+4} (You found it on level 7 of the Dungeon)
  5963 | D:7      | Noticed Joseph
  6041 | D:7      | Killed Joseph
  6041 | D:7      | Reached XP level 10. HP: 43/88 MP: 9/9
  6432 | D:6      | Reached ** piety under Okawaru
  6753 | D:8      | Found a staircase to the Lair.
  7645 | Lair:1   | Entered Level 1 of the Lair of Beasts
  7982 | Lair:1   | Noticed a cane toad
  7991 | Lair:1   | Killed a cane toad
  7991 | Lair:1   | Reached *** piety under Okawaru
  8033 | Lair:1   | Noticed a black mamba
  8043 | Lair:1   | Killed a black mamba
  8384 | Lair:1   | Noticed a cane toad
  8392 | Lair:1   | Killed a cane toad
  8392 | Lair:1   | Received a gift from Okawaru
  8392 | Lair:1   | Reached skill level 10 in Armour
  8885 | Lair:2   | Reached XP level 11. HP: 86/99 MP: 10/10
  8892 | Lair:2   | Reached **** piety under Okawaru
  9027 | Lair:2   | Reached skill level 5 in Bows
  9144 | Lair:2   | Reached skill level 10 in Fighting
  9144 | Lair:2   | Reached skill level 5 in Throwing
  9398 | Lair:2   | Found a hole to the Spider Nest.
  9400 | Lair:2   | Noticed a wolf spider
  9417 | Lair:2   | Killed a wolf spider
  9428 | Lair:2   | Reached ***** piety under Okawaru
  9786 | Lair:3   | Found a staircase to the Swamp.
  9786 | Lair:3   | Noticed an eight-headed hydra
 10081 | D:9      | Received a gift from Okawaru
 10099 | D:9      | Noticed a two-headed ogre
 10120 | D:9      | Killed a two-headed ogre
 10120 | D:9      | Received a gift from Okawaru
 10479 | D:9      | Found a staircase to the Orcish Mines.
 10883 | D:10     | Entered Level 10 of the Dungeon
 10976 | Orc:1    | Entered Level 1 of the Orcish Mines
 11282 | Orc:1    | Noticed an orc warlord
 11328 | D:9      | Killed an orc warlord
 11378 | Orc:1    | Noticed an orc sorcerer
 11382 | Orc:1    | Paralysed by an orc sorcerer for 6 turns
 11390 | Orc:1    | Killed an orc sorcerer
 11598 | Orc:1    | Noticed a wolf spider
 11598 | Orc:1    | Noticed a wolf spider
 11601 | Orc:1    | Noticed a wolf spider
 11658 | Orc:2    | Entered Level 2 of the Orcish Mines
 11795 | Orc:2    | Reached XP level 12. HP: 100/108 MP: 11/11
 11996 | Orc:2    | Received a gift from Okawaru
 12045 | Orc:2    | Noticed an orc high priest
 12210 | Orc:2    | Killed an orc high priest
 12449 | Orc:2    | Found Uselomoebb's Armour Boutique.
 12449 | Orc:2    | Found Xontalur's Armour Shop.
 12449 | Orc:2    | Found Fuvahuq's Antique Weapon Boutique.
 12455 | Orc:2    | Found Xohy's Book Shop.
 12722 | Orc:2    | Found a staircase to the Elven Halls.
 13042 | Lair:2   | Killed a 12-headed hydra
 13347 | Lair:3   | Noticed Snorg
 13474 | Lair:4   | Received a gift from Okawaru
 13577 | Lair:4   | Noticed a seven-headed hydra
 13594 | Lair:4   | Killed a seven-headed hydra
 13594 | Lair:4   | Reached skill level 1 in Invocations
 13778 | Lair:4   | Received a gift from Okawaru
 13934 | Lair:3   | Killed Snorg
 14044 | Lair:3   | Noticed an eight-headed hydra
 14415 | Lair:3   | Noticed a five-headed hydra
 14424 | Lair:3   | Killed a two-headed hydra
 14499 | Lair:3   | Killed a three-headed hydra
 14882 | Lair:4   | Reached XP level 13. HP: 118/118 MP: 15/15
 15078 | Lair:4   | Reached skill level 15 in Polearms
 15172 | Lair:4   | Received a gift from Okawaru
 15519 | Lair:5   | Found a staircase to the Slime Pits.
 15765 | Lair:5   | Reached skill level 5 in Invocations
 16473 | Lair:6   | Entered Level 6 of the Lair of Beasts
 17091 | Lair:5   | Reached ****** piety under Okawaru
 17186 | Slime:1  | Entered Level 1 of the Pits of Slime
 17998 | Lair:5   | Received a gift from Okawaru
 18413 | Lair:5   | Reached skill level 10 in Bows
 18906 | Lair:5   | Received a gift from Okawaru
 19461 | Lair:6   | Reached XP level 14. HP: 129/129 MP: 19/19
 19716 | Lair:5   | Received a gift from Okawaru
 20804 | Lair:6   | Paralysed by a hornet for 2 turns
 21354 | Lair:6   | Found a runed translucent door.
 22128 | Lair:6   | Received a gift from Okawaru
 23385 | Spider:1 | Entered Level 1 of the Spider Nest
 23984 | D:10     | Found Isyigem's Jewellery Emporium.
 23998 | D:10     | Noticed Grum
 24061 | D:10     | Killed Grum
 24570 | D:11     | Received a gift from Okawaru
 25238 | D:12     | Noticed Nergalle
 25263 | D:12     | Killed Nergalle
 25533 | D:12     | Received a gift from Okawaru
 25582 | D:12     | Reached XP level 15. HP: 139/139 MP: 20/20
 26116 | D:13     | Found a gate leading to a gauntlet.
 26124 | Gauntlet | Entered a Gauntlet
 26124 | Gauntlet | Found a transporter.
 26131 | Gauntlet | Found a transporter.
 26133 | Gauntlet | Found a transporter.
 26146 | Gauntlet | Found a transporter.
 26148 | Gauntlet | Found a transporter.
 26160 | Gauntlet | Found a transporter.
 26181 | Gauntlet | Found a transporter.
 26186 | Gauntlet | Found a runed translucent door.
 26189 | Gauntlet | Found a transporter.
 26198 | Gauntlet | Found a transporter.
 26218 | Gauntlet | Found a transporter.
 26233 | Gauntlet | Found a transporter.
 26234 | Gauntlet | Found a transporter.
 26280 | Gauntlet | Found a transporter.
 26294 | Gauntlet | Found a transporter.
 26700 | Gauntlet | Got a shimmering marble ring
 26701 | Gauntlet | Identified the ring "Guyvunae" {rC+ MP+9 Str+4} (You found
                  | it in a Gauntlet)
 27784 | D:13     | Noticed Sonja
 28346 | D:13     | Killed Sonja
 28512 | D:14     | Noticed Jorgrun
 28532 | D:14     | Killed Jorgrun
 28532 | D:14     | Reached skill level 15 in Fighting
 29136 | D:13     | Received a gift from Okawaru
 29276 | D:14     | Found a gate to the Vaults.
 29572 | D:14     | Received a gift from Okawaru
 29624 | D:15     | Entered Level 15 of the Dungeon
 29624 | D:15     | Noticed Josephine
 29748 | D:14     | Killed Josephine
 29828 | D:15     | Found a runed translucent door.
 29828 | D:15     | Noticed Fiogir's ghost (journeyman GrEE)
 29845 | D:15     | Received a gift from Okawaru
 30108 | D:14     | Received a gift from Okawaru
 30416 | D:15     | Found Iwaimmad's Armour Emporium.
 30449 | D:15     | Received a gift from Okawaru
 30502 | D:15     | Reached XP level 16. HP: 149/149 MP: 21/21
 30520 | D:15     | Identified the +6 plate armour of the Butcher {-Cast rF+
                  | Int+2 SInv}
 30672 | D:15     | Received a gift from Okawaru
 31567 | D:15     | Received a gift from Okawaru
 31568 | D:15     | Got a transparent crystal plate armour {god gift}
 31581 | D:14     | Identified the +13 crystal plate armour "Dolit" {rElec rF-
                  | Str+6 Dex+6} (Okawaru gifted it to you on level 15 of the
                  | Dungeon)
 31634 | D:15     | Found a staircase to the Depths.
 32394 | Spider:1 | Reached skill level 15 in Armour
 33403 | Spider:2 | Found a runed translucent door.
 33404 | Spider:2 | Found a shimmering altar of Xom.
 33404 | Spider:2 | Noticed Libelnon's ghost (journeyman DrIE)
 33404 | Spider:2 | Identified the cursed +3 quarterstaff "Yrghot" {chaos, rC-
                  | rN++ Dex+2}
 34757 | Spider:3 | Received a gift from Okawaru
 35374 | Spider:3 | Reached XP level 17. HP: 160/160 MP: 22/22
 35839 | Spider:4 | Entered Level 4 of the Spider Nest
 36368 | Spider:4 | Noticed Louise
 36403 | Spider:4 | Killed Louise
 36855 | Spider:4 | Noticed Arachne
 36882 | Spider:4 | Killed Arachne
 36901 | Spider:4 | Received a gift from Okawaru
 38871 | Spider:4 | Got a gossamer rune of Zot
 39191 | Elf:1    | Entered Level 1 of the Elven Halls
 39473 | Elf:1    | Received a gift from Okawaru
 39734 | Elf:1    | Found a radiant altar of Vehumet.
 39950 | Elf:1    | Received a gift from Okawaru
 40652 | Elf:1    | Reached skill level 15 in Bows
 41096 | Elf:1    | Received a gift from Okawaru
 41455 | Elf:2    | Reached XP level 18. HP: 171/171 MP: 23/23
 41537 | Elf:2    | Found Bumir's Assorted Antiques.
 41665 | Elf:2    | Found a huge runed translucent gate.
 41665 | Elf:2    | Found a huge runed translucent gate.
 41666 | Elf:2    | Found a huge runed translucent gate.
 41669 | Elf:2    | Found a huge runed translucent gate.
 41672 | Elf:2    | Found a huge runed translucent gate.
 41867 | Elf:2    | Found Hehist's Antique Armour Shop.
 41869 | Elf:2    | Found Zekloe's Armour Boutique.
 42183 | Elf:2    | Bought runed acid dragon scales for 1677 gold pieces
 42227 | Elf:2    | Received a gift from Okawaru
 43555 | Elf:3    | Entered Level 3 of the Elven Halls
 44576 | Elf:2    | Received a gift from Okawaru
 44619 | Elf:3    | Received a gift from Okawaru
 44848 | Elf:3    | Identified the +9 rapier of Fortitude {flame, +Blink rElec
                  | rC- rN++}
 44863 | Elf:3    | Killed from afar by a deep elf sorcerer

Illustrated notes

Levels and vault maps discovered:
D:1:      dpeg_arrival_shelter, layout_loops_ring
D:2:      layout_basic
D:3:      layout_basic, cheibrodos_sewer_entry_sluice
D:4:      layout_loops_ring, serial_shops, nicolae_shop_trees, uniq_robin
D:5:      layout_rooms, grunt_temple_overflow_cloverleaf, nicolae_sextant
D:6:      corexii_shantytown, layout_cave_pods, okawaru_metal_pillars_3,
          temple_fountains
D:7:      layout_loops_ring, uniq_joseph, uniq_harold
D:8:      layout_loops_ring, david_lair_shrubbed
D:9:      layout_loops_corners, orc_0_dummy, minmay_chambers_of_fives
D:10:     layout_basic, serial_shops, nicolae_shop_competitors_out_of_business,
          uniq_grum
D:11:     layout_long_grid, serial_bayou_pond_a, serial_park_tiny_pond
D:12:     layout_rooms, uniq_nergalle
D:13:     kennysheep_six_static_rooms, layout_layer_cave,
          gauntlet_entry_generic, uniq_sonja
D:14:     layout_long_grid, lightli_vaults_fourway_checkpoint,
          serial_bayou_pond_d, uniq_jorgrun
D:15:     gammafunk_depths_entry_grave, layout_rooms,
          hellmonk_ghost_happy_afterlife, serial_shops, nicolae_shop_waterfront,
          minmay_misc_feat_encased, uniq_josephine
Temple:   minmay_crystal_spiral_temple
Lair:1:   layout_small_grid, infiniplex_staircase_pool_2, serial_bayou_shore_a
Lair:2:   layout_regular_city, spider_nest_entry_funnel_web, kennysheep_rathole
Lair:3:   layout_roguey, skrybe_swamp_entry_bodies, lemuel_fruit_fields,
          serial_bayou_shore_b, uniq_snorg
Lair:4:   layout_cave_pods, lemuel_fruit_tree
Lair:5:   layout_cave_pods, slime_dummy
Lair:6:   wormcave, layout_cave_pods, hangedman_lair_caniforms_friends,
          grunt_forest_large_clearings
Spider:1: layout_spider_delve
Spider:2: layout_spider_delve, ebering_ghost_xom
Spider:3: cheibrodos_spider_silkery
Spider:4: spider_rune_water, nicolae_spider_cling_ruins, uniq_louise,
          uniq_arachne
Slime:1:  layout_caves, nicolae_slime_phagocytosis
Orc:1:    nicolae_orc_accident_3, layout_diamond_mine
Orc:2:    st_orc_mages, layout_caves
Elf:1:    eino_elf_arrival_altar, layout_geoelf_grid, minivault_28,
          item_on_display_a
Elf:2:    layout_geoelf_grid, serial_shops, shop_statue, grunt_megastairs_2,
          minmay_shoptagon
Elf:3:    minmay_elf_hall_furrowed, layout_loops_corners

Skill      XL: |  1  2  3  4  5  6  7  8  9 10 11 12 13 14 15 16 17 18 |
---------------+-------------------------------------------------------+-----
Polearms       | 4 5 6 7 8 10 12 14 16 17 19 20 | 20.0
Fighting       | 3 4 5 6 8 9 10 12 13 14 15 16 17 18 | 18.7
Armour         | 3 7 10 12 13 14 16 18 20 | 20.2
Bows           | 4 6 8 10 11 12 13 15 16 | 16.1
Shields        | 3 4 |  4.0
Throwing       | 4 6 |  6.0
Invocations    | 4 8 9 |  9.0
Dodging        | |  3.2

Action                   |  1- 3 |  4- 6 |  7- 9 | 10-12 | 13-15 | 16-18 || total
-------------------------+-------+-------+-------+-------+-------+-------++-------
Melee: Trident           |    82 |   165 |    97 |       |       |       ||   344
       Headbutt          |    13 |    19 |    58 |    96 |   247 |   321 ||   754
       Spear             |       |       |   316 |   293 |    58 |       ||   667
       Halberd           |       |       |       |   263 |   120 |       ||   383
       Bardiche          |       |       |       |    13 |    24 |       ||    37
       Demon trident     |       |       |       |       |   451 |   108 ||   559
       Glaive            |       |       |       |       |   563 |  1186 ||  1749
 Fire: Shortbow          |       |       |    35 |   273 |    53 |       ||   361
       Longbow           |       |       |       |       |   270 |   146 ||   416
Throw: Dart              |       |       |    33 |   147 |    14 |   160 ||   354
       Throwing net      |       |       |     2 |     8 |     1 |       ||    11
Invok: Finesse           |       |       |       |       |     1 |       ||     1
       Heroism           |       |       |       |       |     1 |       ||     1
Evoke: Wand              |       |       |       |     2 |       |     2 ||     4
  Use: Scroll            |       |       |       |    28 |    12 |     3 ||    43
       Potion            |       |       |       |       |     2 |       ||     2
 Stab: Sleeping          |       |       |       |     1 |       |       ||     1
       Held in net/web   |       |       |       |     2 |       |     2 ||     4
Armor: Leather armour    |    10 |       |       |    26 |     5 |       ||    41
       Plate armour      |    11 |    94 |    63 |   133 |   695 |   125 ||  1121
       Crystal plate arm |       |       |       |       |       |   979 ||   979
       Skin              |       |       |       |       |       |     1 ||     1
Dodge: Dodged            |    32 |    99 |    96 |   245 |   574 |   403 ||  1449
Block: Buckler           |       |       |     3 |     4 |       |       ||     7
       Other             |       |       |       |       |   255 |   249 ||   504
       Reflection        |       |       |       |       |     9 |    10 ||    19

Table legend: (Time is in decaauts)
 A = Elapsed time spent in this place.
 B = Non-inter-level travel time spent in this place.
 C = Inter-level travel time spent in this place.
 D = Time resting spent in this place.
 E = Time spent auto-exploring this place.
 F = Levels seen in this place.
 G = Mean time per level.
                   A        B        C        D        E       F      G
               +--------+--------+--------+--------+--------+-----+--------+
         Total |  43756 |  41294 |   2462 |   9790 |  22117 |  34 | 1286.9 |
       Dungeon |  15807 |  14630 |   1177 |   1923 |   9235 |  15 | 1053.8 |
        Temple |    171 |     80 |     91 |      0 |     80 |   1 |  171.0 |
          Lair |  12725 |  12041 |    684 |   3905 |   5900 |   6 | 2120.8 |
   Spider Nest |   6642 |   6367 |    275 |   1983 |   2970 |   4 | 1660.5 |
    Slime Pits |      1 |      1 |      0 |      0 |      0 |   1 |    1.0 |
  Orcish Mines |   2077 |   1935 |    142 |    233 |    968 |   2 | 1038.5 |
   Elven Halls |   5225 |   5133 |     92 |   1628 |   2423 |   3 | 1741.7 |
         Sewer |    297 |    297 |      0 |      0 |    185 |   1 |  297.0 |
      Gauntlet |    806 |    806 |      0 |    118 |    356 |   1 |  806.0 |
               +--------+--------+--------+--------+--------+-----+--------+

Top non-repeatable levels by time:
  Lair:5: 3653 daAuts
  Lair:6: 3047 daAuts
Spider:4: 2868 daAuts
   Elf:2: 2426 daAuts
    D:14: 2230 daAuts
Spider:3: 1999 daAuts
   Elf:1: 1910 daAuts
  Lair:4: 1824 daAuts
    D:13: 1674 daAuts
  Lair:2: 1647 daAuts
   Orc:2: 1384 daAuts
  Lair:3: 1332 daAuts
     D:9: 1289 daAuts
     D:8: 1286 daAuts
Spider:2: 1228 daAuts
